 Dungeon Crawl Stone Soup version 0.28.0-47-ge53b351184 (webtiles) character file.

Game seed: 7602521317262848973

86 NinjaNoafa the Skirmisher (level 4, 0/40 HPs)
             Began as a Minotaur Monk on Apr 28, 2022.
             Killed by nerve-wracking pain
             ... invoked by an orc priest
              (11 damage)
             ... on level 3 of the Dungeon.
             The game lasted 00:03:24 (2285 turns).

NinjaNoafa the Skirmisher (Minotaur Monk)           Turns: 2285, Time: 00:03:25

Health: 0/40       AC:  3    Str: 17    XL:     4   Next: 26%
Magic:  3/3        EV: 13    Int:  7    God:
Gold:   45         SH:  0    Dex: 13    Spells: 3/3 levels left

rFire   . . .      SeeInvis .   f - +4 quarterstaff (chaos)
rCold   . . .      Faith    .   (shield currently unavailable)
rNeg    . . .      Spirit   .   b - +0 robe
rPois   .          Reflect  .   (helmet restricted)
rElec   .          Harm     .   j - +0 cloak
rCorr   .          Rampage  .   (no gloves)
Will    +....                   (no boots)
Stlth   ++........              (no amulet)
HPRegen 0.13/turn               a - ring of willpower
MPRegen 0.08/turn               (no ring)

@: no status effects
A: horns 2, retaliatory headbutt
a: no special abilities


You were on level 3 of the Dungeon.
You visited 1 branch of the dungeon, and saw 3 of its levels.

You collected 45 gold pieces.

Inventory:

Hand Weapons
 f - a +4 quarterstaff of chaos (weapon)
Armour
 b - a +0 robe (worn)
 j - a +0 cloak (worn)
Jewellery
 a - a ring of willpower (left hand)
Wands
 i - a wand of mindburst (19)
Scrolls
 c - a scroll of acquirement {unknown}
 d - 2 scrolls of enchant weapon {unknown}
 g - 3 scrolls of fear {unknown}
 h - a scroll of holy word {unknown}
 k - 2 scrolls of identify {unknown}
 l - a scroll of magic mapping {unknown}
 m - a scroll of enchant armour {unknown}


   Skills:
 - Level 4.2 Fighting
 - Level 4.2 Axes
 + Level 1.7 Staves
 + Level 2.6 Armour
 - Level 3.2 Dodging
 - Level 1.5 Stealth
 + Level 1.0 Evocations


You had 3 spell levels left.
You didn't know any spells.
Your spell library contained the following spells:

 Spells                   Type           Power      Damage    Failure   Level
 Sting                    Tmut/Pois      0%         1d3       43%         1
 Poisonous Vapours        Pois/Air       0%         N/A       56%         2
 Call Canine Familiar     Summ           0%         N/A       80%         3
 Portal Projectile        Hex/Tloc       0%         N/A       80%         3
 Leda's Liquefaction      Hex/Erth       0%         N/A       99%         4
 Olgreb's Toxic Radiance  Pois           0%         N/A       99%         4


Dungeon Overview and Level Annotations

Branches:
Dungeon (3/15)

Altars:


Innate Abilities, Weirdness & Mutations

You have a pair of horns on your head.
You reflexively headbutt those who attack you in melee.


Message History

Your extra speed is starting to run out.
Okay, then.
You start putting on your armour.
You continue putting on your +0 cloak. x4
You feel yourself speed up.
You feel yourself slow down.
You finish putting on your +0 cloak.
Your +4 quarterstaff of chaos is briefly surrounded by a scintillating aura of random colours.
f - a +4 quarterstaff of chaos (weapon)
You drop a +1 quarterstaff of draining.
You recover from your berserk rage.
You feel a little less agile now.
HP restored.
Done exploring.
(D) Dungeon
Where to? (Enter - D:2, ? - help)
What level of the Dungeon? (default 1, ? - help)
There is an open translucent door, spattered with blood here.
There is a stone staircase leading down here.
You climb downwards.
There is a stone staircase leading up here.
An orc comes into view. It is wielding a +0 club.
An orc and an orc priest come into view.
The orc priest shouts!
An orc wizard comes into view. It is wielding a +0 dagger.
The orc priest hits you with a +0 mace.
You hit the orc priest.
The orc priest seems to speed up.
You headbutt the orc priest.
The orc priest is heavily wounded.
The orc priest hits you with a +0 mace.
The orc wizard hits you with a +0 dagger.
You hit the orc priest.
The orc priest is almost dead.
The orc priest casts a cantrip, but nothing happens.
The orc hits you with a +0 club.
The orc priest mumbles some strange prayers to Beogh against you.
Beogh smites you!
* * * LOW HITPOINT WARNING * * *
The orc wizard barely misses you.
The orc priest calls down the wrath of Beogh upon you.
Pain shoots through your body!
You die...

#<# #.#.######
#.#......#
#.#......#
#.#......#
#.#......#
#.#......#
####.#.#......#
........@oo....+
#####...#oo....#
#####......#
.........
##########


You could see an orc priest (fast), an orc wizard and 2 orcs.

Vanquished Creatures
  Crazy Yiuf (D:2)
  A worm (D:2)
  3 dart slugs
  A ball python (D:1)
  6 endoplasms
  2 giant cockroaches
  4 goblins
  2 hobgoblins
  6 jackals (D:1)
  2 quokkas
  2 bats (D:2)
  2 frilled lizards
  6 kobolds
  4 rats
42 creatures vanquished.

Notes
Turn   | Place    | Note
-------+----------+-------------------------------------------
     0 | D:1      | NinjaNoafa the Minotaur Monk began the quest for the Orb.
     0 | D:1      | Reached XP level 1. HP: 19/19 MP: 0/0
    97 | D:1      | Reached skill level 1 in Armour
   130 | D:1      | Reached XP level 2. HP: 25/27 MP: 1/1
   874 | D:1      | Reached XP level 3. HP: 32/33 MP: 2/2
  1337 | D:2      | Reached skill level 1 in Staves
  1420 | D:2      | Found a faded altar of an unknown god.
  1703 | D:2      | Found a runed translucent door.
  1704 | D:2      | Noticed Crazy Yiuf
  2056 | D:2      | Killed Crazy Yiuf
  2057 | D:2      | Reached skill level 1 in Evocations
  2057 | D:2      | Reached XP level 4. HP: 22/40 MP: 3/3
  2285 | D:3      | Killed from afar by an orc priest

Illustrated notes

Levels and vault maps discovered:
D:1:      minmay_arrival_three_doors, layout_loops_ring
D:2:      layout_basic, ebering_ecumenical_altar_ruins,
          minmay_stone_trees_small, uniq_crazy_yiuf_cottage
D:3:      layout_basic, kennysheep_orc_chapel

Skill      XL: |  1  2  3 |
---------------+----------+-----
Armour         | 1 2 |  2.6
Fighting       | 4 |  4.2
Axes           | 4 |  4.2
Staves         | 1 |  1.7
Evocations     | 1 |  1.0
Dodging        | |  3.2
Stealth        | |  1.5

Action                   |  1- 3 |  4- 6 || total
-------------------------+-------+-------++-------
Melee: Hand axe          |    36 |       ||    36
       Headbutt          |    11 |     1 ||    12
       Quarterstaff      |    33 |     2 ||    35
  Use: Potion            |     2 |       ||     2
 Stab: Sleeping          |     4 |       ||     4
Armor: Robe              |    16 |       ||    16
Dodge: Dodged            |    57 |     1 ||    58
